[Event "Polish Youth B18 Championship 2023"]
[Site "Jastrzebia Gora"]
[Date "2023.03.19"]
[Round "9.8"]
[White "Zdybel, Przemyslaw"]
[Black "Madajczak, Piotr"]
[Result "1-0"]
[ECO "E44"]
[WhiteElo "2268"]
[BlackElo "1897"]
[Annotator "TA"]
[PlyCount "79"]
[EventDate "2023.03.11"]
[EventType "swiss"]
[EventCountry "POL"]
[SourceTitle "playchess.com"]
[Source "ChessBase"]
[SourceQuality "1"]
[TimeControl "40/5400+30:1800+30"]

1. d4 Nf6 2. c4 e6 3. Nc3 Bb4 4. e3 b6 5. Nge2 O-O 6. a3 Be7 7. e4 d6 {[%emt 0:12:30] E44: Nimzo-Indian: Rubinstein: 4...b6 5 Ne2.} 8. g3 Bb7 9. Bg2 Nbd7 {[%emt 0:15:49] White is slightly better.} 10. O-O e5 11. d5 Ne8 12. b4 a5 13. Rb1 {[%emt 0:00:08] [#]} Bg5 $146 ({Predecessor:} 13... f5 14. exf5 Rxf5 15. Ne4 Rf8 16. f4 h6 17. Bb2 Nef6 18. fxe5 Nxe5 19. Bxe5 dxe5 {1-0 Romanchuk,V (2258)-Siniauski,A (2275) Titled Tuesday intern op 12th Jan blitz 2021 (8)}) 14. f4 Bh6 15. Bb2 Nef6 16. Qd3 Re8 17. Nd1 g6 18. Nf2 Bg7 19. Bc1 (19. f5 $1 $16) 19... Qe7 20. Nc3 Rec8 (20... exf4 $11 {keeps the balance.} 21. gxf4 axb4 22. axb4 Nh5) 21. Bh3 (21. f5 $1 $16) 21... Re8 {[%emt 0:02:08] [#]} (21... axb4 $11 {remains equal.} 22. axb4 exf4) 22. f5 $1 $16 h6 23. fxg6 fxg6 24. Nb5 Nf8 25. Be3 Bc8 26. Bxc8 Rexc8 {[%emt 0:00:11] [#]} 27. c5 $1 {[%emt 0:00:43][%mdl 512] White has more active pieces. The black rooks are badly placed.} bxc5 (27... axb4 28. cxb6) 28. bxc5 dxc5 29. Qc4 (29. Rbc1 $18) 29... Kh7 $2 {[%emt 0:01:24] This move loses the game for Black.} ({Better is} 29... c6 $1 $14) 30. Bxc5 ({But not} 30. Qxc5 $6 Qxc5 31. Bxc5 N8d7 $16) 30... Qd7 {[%emt 0:00:17] [#]} 31. Na7 Rcb8 32. Rxb8 ({Not} 32. Nc6 Rxb1 33. Rxb1 Qe8 $16) 32... Rxb8 33. Nc6 Rb2 (33... Re8 34. a4 Qc8 35. Nxa5 N8d7) 34. Nxe5 Qb5 35. Bxf8 Bxf8 36. Qxc7+ Bg7 37. Qf7 Qc5 $2 (37... Qe8) 38. Qxg6+ $18 Kg8 39. Ned3 Qxf2+ 40. Nxf2 {[%emt 0:00:00] Excellently played by Zdybel!   Weighted Error Value: White=0.30/Black=0.64} 1-0

[Event "Polish Youth B18 Championship 2023"]
[Site "Jastrzebia Gora"]
[Date "2023.03.19"]
[Round "9.9"]
[White "Wojdak, Jan"]
[Black "Stachecki, Mikolaj"]
[Result "1/2-1/2"]
[ECO "B30"]
[WhiteElo "2097"]
[BlackElo "2015"]
[Annotator "TA"]
[PlyCount "70"]
[EventDate "2023.03.11"]
[EventType "swiss"]
[EventCountry "POL"]
[SourceTitle "playchess.com"]
[Source "ChessBase"]
[SourceQuality "1"]
[TimeControl "40/5400+30:1800+30"]

1. e4 c5 2. Nf3 Nc6 3. b4 cxb4 4. d4 d5 5. exd5 Qxd5 6. c4 {[%emt 0:00:04] B30: Sicilian: 2...Nc6 3 Bb5, lines without ...g6.} Qe4+ (6... bxc3 $11 7. Nxc3 Qa5) 7. Be3 $16 Bf5 8. d5 (8. Nbd2 $16 Qc2 9. Qxc2 Bxc2 10. d5) 8... Ne5 $11 9. Nbd2 {[%emt 0:08:18] [#]} Nxf3+ $146 ({Predecessor:} 9... Nd3+ 10. Bxd3 Qxd3 11. Qa4+ Bd7 12. Qxd7+ {1-0 Asvang,J (1933)-Kristensen,K (1998) Harstad Advokatfirmaet op 2019 (4)}) 10. Nxf3 Qc2 {[%emt 0:02:04] Dodges Qa4+} 11. Qd4 {[%emt 0:04:13][%mdl 1024] White has compensation.} Nf6 12. c5 {[%emt 0:04:43] aiming for Bb5+.} (12. Rc1 $5 Qa4 13. Ne5 $14) 12... O-O-O {[%emt 0:09:55] And now ...e5 would win.} 13. d6 (13. Rc1 $16 Qe4 14. c6 Qxd4 15. Nxd4 Rxd5 16. Bc4) 13... Qc3+ $15 (13... exd6 14. Rc1 (14. Qxb4 $2 dxc5 15. Qb3 Ng4 $19) 14... dxc5 15. Rxc2 Rxd4 16. Nxd4 Bxc2 17. Nxc2 $14) 14. Bd2 Qxd4 15. Nxd4 Be4 ({Better is} 15... Bg6 $17 16. f3 exd6) 16. Rc1 (16. f3 $1 $11 Bd5 17. Bb5) 16... exd6 $17 17. c6 (17. cxd6+ $2 Kb8 18. f3 Bd5 $17) 17... bxc6 (17... Re8 $17 18. Kd1 Ng4 19. cxb7+ Kxb7) 18. Nxc6 (18. f3 $5 Bd5 19. Nxc6 Bxc6 20. Bb5 $11 (20. Rxc6+ Kb7 $17)) 18... Bxc6 19. Bb5 $1 {[%emt 0:00:04] [#]} (19. Rxc6+ Kb7 20. Ra6 (20. Bb5 $2 Re8+ 21. Kd1 Re5 $19) 20... d5 $17) 19... d5 $1 20. Rxc6+ (20. Bxc6 Kb8) 20... Kb7 {[%emt 0:01:23] Hoping for ...Ne4.} 21. O-O (21. Ke2 $1 $15) 21... Rd6 (21... a6 $17 22. Rxa6 (22. Bxa6+ $2 Kxc6 23. Be2 Ne4 $19) 22... Ne4) 22. Rfc1 $11 {[%emt 0:00:45] Ba6+ would kill now.} Rxc6 {[%emt 0:00:09][%mdl 64] Remove Defender} 23. Bxc6+ {[%emt 0:00:28] This pair of bishops is nice.} Ka6 24. Be3 Be7 25. Bd4 Rd8 (25... Ka5 $5 ) 26. Kf1 (26. Ba4 $1 $15 {feels stronger.} Ka5 27. Bd1) 26... g6 ({Black should play} 26... Ne4 $17 {White must now prevent ...Bg5.} 27. Bxg7 Kb6) 27. Ke2 (27. Ba4 $1 $11 {keeps the balance.} Ka5 28. Bb3) 27... Ne8 28. Rb1 {[%emt 0:04:31] [#]} (28. Kd3 $17 Nc7 29. a3) 28... Nc7 $1 $19 29. a4 $2 (29. Ba4 $17) 29... Ne6 (29... bxa3 $2 30. Bb7+ (30. Rb7 Nb5 $14) 30... Ka5 31. Bc3+ $18 (31. Bxa7 $2 {too greedy.} Nb5 $19) (31. Bxa7 $2 Nb5 $19)) 30. Kd3 Nxd4 31. Kxd4 Kb6 32. Bxd5 Bc5+ (32... Ka5 $19 {and Black stays clearly on top.} 33. Kc4 Bf6 34. Bxf7 Rc8+ 35. Kd3 Kxa4) 33. Kc4 $17 {[%emt 0:01:08] a5+ is the strong threat.} a5 ({Much weaker is} 33... Bxf2 $6 34. Rxb4+ Ka5 35. Rb5+ Kxa4 36. Rb4+ Ka3 37. Rb3+ Ka2 38. Rf3 $11) 34. f3 f5 35. Re1 Bd6 {[%emt 0:04:02] Weighted Error Value: White=0.34/Black=0.33} 1/2-1/2

[Event "Polish Youth B18 Championship 2023"]
[Site "Jastrzebia Gora"]
[Date "2023.03.19"]
[Round "9.10"]
[White "Ciszewski, Krzysztof"]
[Black "Biesiadecki, Adam"]
[Result "1-0"]
[ECO "E43"]
[WhiteElo "2047"]
[BlackElo "1761"]
[Annotator "TA"]
[PlyCount "43"]
[EventDate "2023.03.11"]
[EventType "swiss"]
[EventCountry "POL"]
[SourceTitle "playchess.com"]
[Source "ChessBase"]
[SourceQuality "1"]
[TimeControl "40/5400+30:1800+30"]

1. d4 Nf6 2. c4 e6 3. Nc3 Bb4 4. e3 b6 5. f3 O-O 6. e4 {[%emt 0:00:29] E43: Nimzo-Indian: Rubinstein: 4...b6.} d5 7. cxd5 exd5 8. e5 {[%emt 0:00:06] The position is equal.} Nfd7 (8... Nh5 $5 9. Nge2 c5 $11) 9. f4 c5 $1 10. a3 $1 Ba5 11. Nf3 Nc6 12. Bb5 {[%emt 0:09:25] [#]} (12. Be3 $11) 12... Bb7 $146 (12... Nxd4 $1 $15 {keeps the upper hand.} 13. Nxd4 cxd4 14. Qxd4 Nc5) ({Predecessor:} 12... Qc7 13. b4 Nxb4 14. axb4 Bxb4 15. Bd2 Bb7 16. Ne2 Bxd2+ 17. Qxd2 c4 18. Qb4 a5 {½-½ Niemann,P (2113)-Litwak,A (2284) Oberhausen op 2008 (4)}) 13. O-O $36 {[%emt 0:01:20][%mdl 2048] White is in control.} a6 14. Bd3 {[%emt 0:05:49][%cal Od3h7] And now Bxh7+! would win. White is more active.} g6 (14... Nxd4 $2 15. Bxh7+ Kxh7 16. Ng5+ Kg8 17. Qh5 $18) 15. Ne2 {[%emt 0:13:30] f5 would be deadly.} ({Don't do} 15. b4 $6 cxb4 16. Nxd5 Ndxe5 $14) 15... b5 {[%emt 0:02:58] [#]} (15... f5 $16 {keeps fighting.}) 16. b4 $1 $18 cxb4 17. f5 Bb6 {[%emt 0:06:03] [#]} (17... bxa3 {is a better defense.} 18. Bxa3 b4) 18. Kh1 $1 Qe7 $2 (18... f6 {was called for.}) 19. f6 Qd8 20. Qd2 {[%emt 0:03:43] White wants to mate with Qh6.} Nxf6 21. exf6 Qxf6 22. axb4 {[%emt 0:00:30] Weighted Error Value: White=0.13 (very precise) /Black=0.43} 1-0

[Event "Polish Youth B18 Championship 2023"]
[Site "Jastrzebia Gora"]
[Date "2023.03.19"]
[Round "9.11"]
[White "Jedraszek, Pawel"]
[Black "Kolodziejski, Piotr"]
[Result "1/2-1/2"]
[ECO "B96"]
[WhiteElo "1944"]
[BlackElo "2118"]
[Annotator "TA"]
[PlyCount "97"]
[EventDate "2023.03.11"]
[EventType "swiss"]
[EventCountry "POL"]
[SourceTitle "playchess.com"]
[Source "ChessBase"]
[SourceQuality "1"]
[TimeControl "40/5400+30:1800+30"]

1. e4 c5 2. Nf3 d6 3. d4 cxd4 4. Nxd4 Nf6 5. Nc3 a6 6. Bg5 e6 7. f4 b5 8. Bd3 Nbd7 (8... b4 $5 9. Bxf6 gxf6 $11) 9. Qe2 {[%emt 0:05:22] [#] Threatens to win with e5. B96: Sicilian Najdorf: 6 Bg5 e6 7 f4, lines other than 7...Qb6 and 7...Be7.} (9. f5 $5 e5 10. Nc6 $11) 9... Qb6 10. Nf3 (10. Nb3 $5 ) 10... Bb7 11. e5 {[%emt 0:14:04] [#]} Nd5 $146 ({Predecessor:} 11... dxe5 12. fxe5 Nd5 13. Nxd5 Bxd5 14. Be4 Bc5 15. O-O-O h6 16. Bxd5 exd5 17. Bh4 Qe6 {1-0 Efroimski,M (2221)-Visanescu,D (2010) EU-ch U16 Girls 2011 (7)}) 12. Nxd5 Bxd5 13. Bh4 (13. O-O-O $1 $11 {keeps the balance.}) 13... dxe5 (13... Nc5 $17) 14. fxe5 ({Better is} 14. Nxe5 $15 Nxe5 15. fxe5) 14... Nc5 $17 15. Bf2 Nxd3+ 16. Qxd3 Qa5+ 17. c3 Be7 18. O-O O-O 19. Rfe1 Qc7 (19... Bxa2 $2 20. Qd7 $18) 20. Bd4 Qb7 21. a3 Rac8 22. Qe3 a5 {[%emt 0:06:07] White is weak on the light squares} 23. Re2 Qc6 24. Ng5 h6 25. Nh3 ({White should play} 25. Ne4 $15) 25... Rfd8 26. Nf4 Bg5 27. Qg3 Be4 28. h4 Be7 29. Nh5 {[%emt 0:10:05][%csl Gh5][%cal Rg3g7] [#]} Bg6 {[%emt 0:00:03] This pair of bishops is nice.} 30. Nf4 Bf5 31. Nh5 Bg6 32. Nf4 Bf5 33. Nh5 $1 Bf8 34. Rf1 Bg6 35. Nf4 Bf5 36. Nh5 $1 Bg6 37. Nf4 Bf5 38. Nh5 $1 Kh7 39. Rd2 Bg6 40. Nf4 Bf5 (40... Be4 $5 ) 41. Nh5 $1 Bg6 42. Nf4 Bf5 (42... Be4 $5 ) 43. Nh5 $1 Rd7 44. Qf4 Bg6 45. Ng3 Kh8 46. Rfd1 Rcd8 47. Kh2 Qc4 48. Ne2 f6 49. g3 {[%emt 0:04:45] Weighted Error Value: White=0.11 (very precise) /Black=0.22 (precise)} (49. exf6 $2 {perishes.} Bd6 50. fxg7+ Kh7 $19) 1/2-1/2

[Event "Polish Youth B18 Championship 2023"]
[Site "Jastrzebia Gora"]
[Date "2023.03.19"]
[Round "9.12"]
[White "Dziendziel, Mateusz"]
[Black "Syrkiewicz, Michal"]
[Result "1-0"]
[ECO "B40"]
[WhiteElo "2084"]
[BlackElo "2000"]
[Annotator "TA"]
[PlyCount "113"]
[EventDate "2023.03.11"]
[EventType "swiss"]
[EventCountry "POL"]
[SourceTitle "playchess.com"]
[Source "ChessBase"]
[SourceQuality "1"]
[TimeControl "40/5400+30:1800+30"]

1. e4 c5 2. Nf3 e6 3. g3 Nc6 4. Bg2 Nf6 5. Qe2 e5 6. O-O {[%emt 0:00:05] B40: Sicilian: 2...e6, Unusual lines.} Be7 7. c3 O-O 8. Na3 $1 {[%emt 0:00:16] The position is equal. 8.Na3 scores better than 8.Rd1.} Re8 9. d3 h6 10. Nc4 Bf8 11. h3 d6 12. Ne3 {[%emt 0:04:45] [#]} d5 $146 ({Predecessor:} 12... Be6 13. Nh2 d5 14. Nhg4 Nxg4 15. hxg4 d4 16. Nd5 dxc3 17. bxc3 Ne7 18. c4 Nc6 {1-0 Andriasian,Z (2621)-Karavade,E (2415) Abu Dhabi op 23rd 2016 (4)}) 13. Nh4 (13. exd5 {seems wilder.} Nxd5 14. Nxd5 Qxd5 15. Nd2) 13... d4 14. Nd5 Nxd5 15. exd5 Ne7 16. c4 $1 (16. Qxe5 $2 Nf5 17. Qf4 g5 $19) 16... g5 17. Nf3 Ng6 18. Re1 (18. Nd2 $14) 18... Bd7 $15 19. Nh2 Rb8 (19... f5 $142) 20. a4 (20. Qh5 $11) 20... f5 21. Qh5 Qf6 22. Bd2 b6 23. b3 Re7 24. f4 gxf4 $17 25. gxf4 Be8 (25... exf4 26. Rxe7 Bxe7 27. Qxh6 $11) (25... Nxf4 $19 26. Bxf4 exf4 27. Rxe7 Bxe7) 26. Qe2 (26. fxe5 $15 Nxe5 {[%mdl 64] Discovered Attack} 27. Qe2) 26... Nxf4 (26... exf4 $19 27. Qf1 Re3) 27. Bxf4 exf4 28. Qf2 Re3 (28... Bd7 $142 {Hoping for ...Re3.} 29. Rxe7 Bxe7 30. Qxf4 Bd6) 29. Qxf4 Bd6 30. Ng4 Qg6 (30... fxg4 $2 31. Qxf6 Bf8 32. hxg4 $18) (30... Bxf4 $15 {stays ahead.} 31. Nxf6+ Kg7 32. Nxe8+ Rbxe8) 31. Qxf5 $1 $18 {[%emt 0:00:08][%mdl 64] Decoy} (31. Qxh6 $2 fxg4 32. Qxg6+ Bxg6 $19) 31... Re7 $2 {[%emt 0:05:08] [#]} (31... Rxe1+ {was necessary.} 32. Rxe1 Kg7 33. Nxh6 Bf7) 32. Rxe7 $1 Bxe7 {[%emt 0:00:12] Black is weak on the light squares} 33. Re1 Bg5 34. Qe5 Rd8 35. Rf1 {[%emt 0:02:50] White is more active.} Bf7 (35... Qd6 $16 36. Be4 Qxe5 37. Nxe5 Rd6) 36. Nf6+ Bxf6 37. Rxf6 ({Not} 37. Qxf6 Qxf6 38. Rxf6 Kg7 $16) 37... Qxd3 (37... Qg5 38. Qxg5+ hxg5) 38. Rxh6 $2 (38. Rf3 Qd1+ 39. Kh2 Qxf3 40. Bxf3) 38... Qe3+ 39. Qxe3 dxe3 {[%emt 0:00:05][%mdl 4096] Endgame KRB-KRB} 40. Kf1 Re8 41. Bf3 {[%emt 0:12:40] Ke2 would be deadly.} Kg7 {[%emt 0:08:02] Dodges Ke2} 42. Rc6 Bg6 43. Ke1 {[%emt 0:10:47][%cal Oa4a5] Strongly threatening a5!} Bc2 44. Bd1 Bf5 45. Bg4 Bc2 46. Bd1 Bf5 {[%emt 0:01:29] [#]} 47. Bg4 (47. Bh5 $142 $1 Rh8 48. Bg4) 47... Bc2 48. d6 Rd8 49. d7 {[%emt 0:01:45] aiming for Rc8.} Kf7 {[%emt 0:00:25] [#]} 50. a5 $1 Bxb3 (50... bxa5 51. Rxc5) 51. axb6 axb6 52. Be6+ ({Worse is} 52. Rxb6 Bxc4 53. Rc6 Bb5 54. Rxc5 Bxd7 $11) 52... Ke7 53. Rxb6 Ba4 (53... Bxc4 54. Bxc4 Kxd7) 54. Bg4 Ra8 55. Re6+ Kf7 {[%emt 0:00:34] [#]} 56. Ra6 $3 {[%emt 0:00:13][%mdl 576] Deflection, Promotion} Rxa6 57. d8=Q {[%emt 0:00:07] Magnificent play by Dziendziel!   Weighted Error Value: White=0.38/Black=0.47} (57. d8=B $2 {too greedy.} Bb3 58. Bg5 Bxc4 59. Bxe3 Ra5 60. Bh5+ Kf6 $19) 1-0

[Event "Polish Youth B18 Championship 2023"]
[Site "Jastrzebia Gora"]
[Date "2023.03.19"]
[Round "9.13"]
[White "Budzisz, Adrian"]
[Black "Smetek, Michal"]
[Result "1/2-1/2"]
[ECO "B12"]
[WhiteElo "2069"]
[BlackElo "1787"]
[Annotator "TA"]
[PlyCount "93"]
[EventDate "2023.03.11"]
[EventType "swiss"]
[EventCountry "POL"]
[SourceTitle "playchess.com"]
[Source "ChessBase"]
[SourceQuality "1"]
[TimeControl "40/5400+30:1800+30"]

1. e4 c6 2. d4 d5 3. e5 c5 4. dxc5 e6 5. a3 Bxc5 6. Qg4 {[%emt 0:00:48] B12: Caro-Kann: Advance Variation.} Bf8 7. b4 {[%emt 0:00:50] [#]} (7. Nc3 $11) 7... h5 $146 ({Predecessor:} 7... Nc6 8. Bb2 Nh6 9. Qd1 Qg5 10. Nf3 Qh5 11. Nbd2 Ng4 12. Be2 Qf5 13. O-O h5 14. Bd3 Qf4 15. Re1 a6 16. h3 Nh6 17. g3 {1-0 Petrova,I (2127)-Cagara,P (2045) Titled Tuesday intern op 10th May Early blitz 2022 (6)}) 8. Qg3 {[%emt 0:00:20] The position is equal.} g6 (8... Nd7 $15) 9. Bd3 Bg7 10. Nf3 Ne7 (10... h4 $1 $11 11. Qg4 Qc7) 11. Bg5 $36 {[%emt 0:01:31][%mdl 2048] White has some pressure.} Qc7 12. O-O $1 O-O 13. Re1 Re8 14. Nbd2 Nd7 (14... a5 $16) 15. Bf4 $2 ({Better is} 15. c4 $18) 15... Nb6 (15... a5 $1 $11) 16. Ng5 $1 $16 Bd7 17. Ndf3 {[%emt 0:02:36] White is more active.} a6 (17... Nc4 $16) 18. Qh3 $18 Bb5 {[%emt 0:17:29][%cal Od5d4] [#]} 19. Nxf7 $1 {[%emt 0:10:11][%mdl 576] Decoy, Clearance} Bxd3 20. cxd3 Kxf7 (20... Nf5 {was worth a try.}) 21. Ng5+ {[%emt 0:00:05][%mdl 64] Deflection, Double Attack} Kg8 {[%emt 0:00:09] White must now prevent ...Nc6.} 22. Qxe6+ Kh8 23. Qf7 $2 (23. Rac1 $18 Qd7 24. Qxb6) 23... Rf8 $14 {[%emt 0:02:12] [#]} 24. Qxg7+ {[%emt 0:00:31][%mdl 64] Decoy} Kxg7 25. Ne6+ Kg8 26. Nxc7 Rxf4 27. Nxa8 Nxa8 28. Rac1 Nc6 29. g3 Rf8 {[%emt 0:03:50] [#]} (29... Rf3 $11) 30. e6 ({White should try} 30. Rc5 $1 $16) 30... Re8 $11 31. Rc5 $1 Nc7 32. Kg2 ({Reject} 32. e7 Kf7 $15) (32. a4 $11) 32... Kf8 $15 33. e7+ Rxe7 34. Rxe7 (34. Rec1 $1 $15) 34... Kxe7 $17 35. f4 Kd6 36. Rc1 d4 37. g4 Nd5 38. Kf3 hxg4+ 39. Kxg4 {[%emt 0:00:14] [#]} Nd8 $1 40. Kg5 $2 (40. f5 $17 Ne3+ 41. Kf3 Nxf5 42. Kf4) 40... Ne6+ $19 41. Kxg6 Nexf4+ ({Weaker is} 41... Ndxf4+ 42. Kf5 Nxd3 43. Rd1 $17) 42. Kf5 (42. Kh6 {is a better defense.} Nxd3 43. Rd1) 42... Nxd3 {[%emt 0:00:24] A dynamic duo of knights.} 43. Rg1 N3f4 {[%emt 0:05:23] Wards off Rg6+} (43... Ne5 $142 {And now ...d3 would win.} 44. Rh1 Nc3) 44. Ke4 d3 45. Rf1 Ke6 $2 (45... d2 $19 {and Black stays clearly on top. ...Ng2 is the strong threat.} 46. Kd4 Ng2) 46. h4 $2 (46. b5 $17) 46... Kf6 $2 (46... d2 $19 {has better winning chances. ...Ng2 would be deadly.} 47. Ra1 Nh3) 47. Rf2 {[%emt 0:01:39] Prevents . Never resign too early!   Weighted Error Value: White=0.57/Black=0.54} (47. a4 $17 {keeps fighting.}) 1/2-1/2

[Event "Polish Youth B18 Championship 2023"]
[Site "Jastrzebia Gora"]
[Date "2023.03.19"]
[Round "9.14"]
[White "Kitewski, Bartosz"]
[Black "Wilk, Igor"]
[Result "1/2-1/2"]
[ECO "A57"]
[WhiteElo "1968"]
[BlackElo "2058"]
[Annotator "TA"]
[PlyCount "56"]
[EventDate "2023.03.11"]
[EventType "swiss"]
[EventCountry "POL"]
[SourceTitle "playchess.com"]
[Source "ChessBase"]
[SourceQuality "1"]
[TimeControl "40/5400+30:1800+30"]

1. d4 Nf6 2. c4 c5 3. d5 b5 4. cxb5 a6 5. b6 g6 6. Nc3 Bg7 7. Nf3 O-O 8. e4 d6 9. h3 Qxb6 10. Bc4 {[%emt 0:02:10] E90: King's Indian: Classical: Early deviations and 6 h3.} Qb4 {[%emt 0:10:43] [#]} 11. Nd2 $146 ({Predecessor:} 11. Qb3 a5 12. Nd2 Ba6 13. Qxb4 cxb4 14. Bxa6 bxc3 15. bxc3 Nxa6 {0-1 Nordenstrom,S (1961)-Nyholm,T SWE-chT2 0910 2009 (1)}) 11... Nbd7 12. O-O {[%emt 0:00:54] White has an edge.} Qb7 (12... Nh5 $11) 13. Re1 Nb6 14. Bf1 e6 15. Nc4 exd5 (15... Nxc4 $11 {keeps the balance.} 16. Bxc4 Re8) 16. Nxd6 $16 {[%emt 0:10:33] White is more active.} Qc6 17. Nxc8 (17. e5 $16 Ne8 18. Nxc8 {[%mdl 64] Remove Defender} Rxc8 19. Bxa6) 17... Rfxc8 $11 18. exd5 Nfxd5 19. Nxd5 Qxd5 20. Qc2 a5 21. Bd2 Rd8 22. Bf4 Rac8 {[%emt 0:04:53] Dodges Bc7} 23. Rad1 Bd4 24. Ba6 Ra8 25. Be2 {[%emt 0:01:32] Black must now prevent Bf3.} Rac8 {[%emt 0:01:50] [#]} ({Black should try} 25... Qxa2 $14 26. Bc7 Qa4) 26. Ba6 {[%emt 0:05:06] A strong pair of Bishops.} (26. Bg4 $142 $1 ) 26... Ra8 $16 27. Be2 ({White should play} 27. Bb5) 27... Rac8 $1 28. Ba6 Ra8 {[%emt 0:02:44] Weighted Error Value: White=0.34/Black=0.22 (precise)} 1/2-1/2

[Event "Polish Youth B18 Championship 2023"]
[Site "Jastrzebia Gora"]
[Date "2023.03.19"]
[Round "9.15"]
[White "Pisarek, Jan"]
[Black "Grzesik, Gracjan"]
[Result "0-1"]
[ECO "B90"]
[WhiteElo "1931"]
[BlackElo "2149"]
[Annotator "TA"]
[PlyCount "116"]
[EventDate "2023.03.11"]
[EventType "swiss"]
[EventCountry "POL"]
[SourceTitle "playchess.com"]
[Source "ChessBase"]
[SourceQuality "1"]
[TimeControl "40/5400+30:1800+30"]

1. e4 c5 2. Nf3 d6 3. d4 cxd4 4. Nxd4 Nf6 5. Nc3 a6 6. Nb3 e5 7. Bg5 Be6 {[%emt 0:01:56] is the new trend. B94: Sicilian Najdorf: 6 Bg5 Nbd7.} 8. Bxf6 Qxf6 9. Na5 Nc6 {[%emt 0:12:38] The position is equal.} 10. Nc4 (10. Nxb7 $2 {too greedy.} Qe7 11. Nxd6+ Qxd6 12. Qxd6 Bxd6 $19) 10... Qd8 11. Ne3 Be7 12. Ncd5 O-O {[%emt 0:02:46] [#]} 13. g3 $146 ({Predecessor:} 13. Be2 Nd4 14. O-O Rc8 15. c3 Bxd5 16. Nxd5 Ne6 17. Bg4 Rb8 18. Qe2 Nc7 19. Ne3 {½-½ Lochina,J (1526)-Szmidt,P (1852) Rubinstein Memorial op-D 57th 2021 (1)}) 13... Bg5 14. Bg2 Qa5+ 15. c3 Bxe3 16. Nxe3 Rfd8 (16... Bxa2 $2 17. O-O $18 (17. Qxd6 Rfd8 $15)) 17. O-O b5 18. Qd3 (18. Nf5 {looks sharper.} f6 19. Bh3 Bc4 20. Qg4) 18... b4 19. c4 Qc5 20. Rfd1 Rac8 21. b3 a5 22. h4 a4 23. Kh2 Ra8 24. Rab1 axb3 25. axb3 Ra2 26. Rd2 Rxd2 27. Qxd2 Qd4 28. Rd1 (28. Qe2 $11) 28... Qxd2 $15 29. Rxd2 Nd4 30. Rb2 Ra8 31. Nc2 {[%emt 0:00:25] Wards off Ra3} Nxc2 32. Rxc2 {[%emt 0:00:03][%mdl 4096] Endgame KRB-KRB} Kf8 33. Bh3 Bxh3 34. Kxh3 $17 {[%emt 0:00:05] KR-KR} Ra3 35. Rb2 (35. c5 $1 $15) 35... h5 36. Kg2 Ke7 37. Kf3 Kd7 38. Ke3 Kc6 39. Rb1 Kc5 40. Rb2 g6 41. f3 {[%emt 0:18:58] [#]} (41. Rb1 $15) 41... Kb6 (41... Ra1 $1 $17 42. Rd2 Re1+ 43. Kf2 Rb1) 42. g4 (42. f4 $15) 42... f6 43. gxh5 gxh5 44. f4 $2 (44. Kd3 $17) 44... Kc5 45. f5 Ra1 46. Rg2 (46. Rd2 $142 Rh1 47. Rd5+ Kc6 48. Kf2) 46... Rb1 $19 47. Rg6 Rxb3+ 48. Kd2 Kxc4 49. Rxf6 Kd4 50. Rxd6+ Kxe4 51. f6 Rf3 52. Rb6 b3 (52... Rf2+ $142 53. Ke1 Ke3 54. Rxb4 Rxf6) 53. Ke2 {[%emt 0:00:06] Threatening mate with Rb4+.} Rf5 54. Rb4+ Kd5 55. Rxb3 Rxf6 {[%emt 0:00:05] And now ...Rf4 would win.} 56. Rb4 (56. Rb5+ $142 Ke6 57. Rb6+ Kf5 58. Rb7) 56... Rf4 57. Rxf4 (57. Rb6 $19) 57... exf4 $11 58. Kf3 {[%emt 0:01:30][%mdl 8192] [#]} (58. Kd3 $11 Ke5 59. Kd2 Kf5 60. Ke1 f3 61. Kf1 Kf4 62. Kf2 Kg4 63. Kf1 Kxh4 64. Kf2 Kg4 65. Kf1 Kg3 66. Kg1 f2+ 67. Kf1 h4 68. Ke2 h3 69. Kd3 f1=Q+ 70. Ke4 h2 71. Kd5 h1=Q+ 72. Kd4 Qc6 73. Ke3 Qe1+ 74. Kd4 Qee4#) 58... Ke5 {[%emt 0:00:04] Weighted Error Value: White=0.36/Black=0.15 (very precise)} 0-1

[Event "Polish Youth B18 Championship 2023"]
[Site "Jastrzebia Gora"]
[Date "2023.03.19"]
[Round "9.16"]
[White "Czarniecki, Pawel"]
[Black "Lis, Maksymilian"]
[Result "1-0"]
[ECO "B20"]
[WhiteElo "1625"]
[BlackElo "1784"]
[Annotator "NA RC COMBH"]
[PlyCount "97"]
[EventDate "2023.03.11"]
[EventType "swiss"]
[EventCountry "POL"]
[SourceTitle "playchess.com"]
[Source "ChessBase"]
[SourceQuality "1"]
[TimeControl "40/5400+30:1800+30"]

1. e4 c5 2. a3 Nc6 3. b4 cxb4 4. axb4 Nxb4 5. c3 Nc6 6. d4 d5 7. exd5 Qxd5 8. Na3 Bf5 9. Nb5 Rc8 10. Bf4 e5 11. dxe5 Qxd1+ 12. Rxd1 a6 13. Nd6+ Bxd6 14. exd6 Nf6 15. Nf3 O-O 16. Bd3 Bxd3 17. Rxd3 Rfe8+ 18. Kd1 Rcd8 19. Re1 Ne4 20. Kc2 Nc5 21. Rxe8+ Rxe8 22. Rd5 Nd7 23. Be3 f6 24. Nd4 Nce5 25. h3 Nc4 26. Bf4 Re4 27. Bg3 b5 28. Nb3 Re2+ 29. Kd1 Rb2 30. Nc5 Ncb6 31. Rf5 g6 32. Nxd7 Nxd7 33. Rf3 b4 34. c4 Rb1+ 35. Kc2 Re1 36. Kb3 a5 37. Ka4 Ra1+ 38. Kb5 Ra3 39. Kc6 b3 40. Kxd7 b2 41. Kc7 Ra4 42. Rb3 Rxc4+ 43. Kb8 Rb4+ 44. Rxb4 axb4 45. d7 b1=Q 46. d8=Q+ Kf7 47. Qd7+ Kg8 48. Bd6 g5 49. Qe8+ 1-0